 Dungeon Crawl Stone Soup version 0.27-a0-1122-g2a214b436d (webtiles) character file.

Game seed: 17023367553279063272

109968 wpisznazwe the Thaumaturge (level 16, -3/133 HPs)
             Began as a Naga Ice Elementalist on May 3, 2021.
             Was the Champion of Cheibriados.
             Slain by a +8 long sword (15 damage)
             ... on level 14 of the Dungeon.
             The game lasted 03:41:38 (37763 turns).

wpisznazwe the Thaumaturge (Naga Ice Elementalist) Turns: 37763, Time: 03:41:40

Health: -3/133     AC: 12    Str: 30    XL:     16   Next: 53%
Magic:  3/34       EV: 17    Int: 38    God:    Cheibriados [******]
Gold:   881        SH: 19    Dex: 34    Spells: 4/44 levels left

rFire    + . .     SeeInvis +   t - +6 dagger (venom)
rCold    + + .     Faith    .   c - +0 kite shield {rC+}
rNeg     . . .     Spirit   .   H - +2 robe {Archmagi}
rPois    +         Reflect  +   T - +1 helmet of Otoukhif {*Slow rElec Str+3}
rElec    +         Harm     .   y - scarf {rC+ rF+}
rCorr    .         Rampage  .   o - +1 pair of gloves {Stlth+}
Will     ++...                  (no barding) Stlth *+++++++++
                                L - amulet of reflection
HPRegen  0.32/turn              x - ring of the Hero {rElec Int+3 Dex+6}
MPRegen  0.24/turn              f - ring of Shadows {Umbra +Inv Stlth+}

@: wreathed by umbra, studying Shields, very slow
A: AC +5, large, see invisible, deformed body, poison resistance, slowness 2,
spit poison 1, naga tail 2
a: Spit Poison, Renounce Religion, Evoke Invisibility, Bend Time, Temporal
Distortion, Slouch, Step From Time


You were on level 14 of the Dungeon.
You worshipped Cheibriados.
Cheibriados was exalted by your worship.
You visited 4 branches of the dungeon, and saw 23 of its levels.
You also visited: Gauntlet.

You collected 1625 gold pieces.
You spent 744 gold pieces at shops.

Inventory:

Hand Weapons
 t - a +6 dagger of venom (weapon)
 G - a +5 long sword
 M - a +2 scimitar of flaming
 Q - a +5 double sword of holy wrath
Missiles
 u - 128 poisoned darts
 w - 537 stones
 z - 6 curare-tipped darts
Armour
 a - a +0 troll leather armour
 c - a +0 kite shield of cold resistance (worn)
 k - a +1 robe of fire resistance
 o - a +1 pair of gloves of stealth (worn)
 q - the +4 ring mail "Cajagyga" {Drain rPois rF+}
   (You found it on level 8 of the Dungeon)

   It protects you from fire.
   It protects you from poison.
   It drains your maximum health when unequipped.
 v - the +1 robe "Lyucekuw" {*Corrode rElec Regen+ Str+4}
   (You found it on level 13 of the Dungeon)

   It affects your strength (+4).
   It insulates you from electricity.
   It increases your rate of health regeneration.
   It may corrode you when you take damage.
 y - a scarf of resistance (worn)
 E - a scarf of shadows
 H - a +2 robe of the Archmagi (worn)
 P - +0 acid dragon scales
 T - the +1 helmet of Otoukhif (worn) {*Slow rElec Str+3}
   (You found it in a Gauntlet)

   It affects your strength (+3).
   It insulates you from electricity.
   It may slow you when you take damage.
Jewellery
 b - the ring "Awagorri" {Fly rN+ Dex+3}
   (You found it on level 13 of the Dungeon)

   [ring of flight]

   It affects your dexterity (+3).
   It protects you from negative energy.
   It grants you flight.
 f - the ring of Shadows (right hand) {Umbra +Inv Stlth+}
   (You found it in a Gauntlet)

   [ring of stealth]

   It lets you turn invisible.
   It makes you more stealthy.
 x - the ring of the Hero (left hand) {rElec Int+3 Dex+6}
   (You found it on level 5 of the Dungeon)

   [ring of dexterity]

   It affects your intelligence (+3).
   It affects your dexterity (+6).
   It insulates you from electricity.
 A - the ring "Feosofaw" {Ice rN+ Dex+4}
   (You found it on level 13 of the Dungeon)

   [ring of ice]

   It enhances your ice magic.
   It affects your dexterity (+4).
   It makes you vulnerable to fire.
   It protects you from cold.
   It protects you from negative energy.
 F - a +6 ring of strength
 L - an amulet of reflection (around neck)
 S - a ring of wizardry
 X - a ring of resist corrosion
Wands
 p - a wand of flame (63)
 r - a wand of acid (27)
 D - a wand of digging (20)
 I - a wand of iceblast (42)
 J - a wand of polymorph (12)
 V - a wand of mindburst (24)
 Z - a wand of paralysis (20)
Scrolls
 e - 4 scrolls of fog
 g - 4 scrolls of magic mapping
 j - 3 scrolls of blinking
 l - 14 scrolls of teleportation
 m - 15 scrolls of identify
 R - a scroll of summoning
Potions
 d - 5 potions of curing
 h - a potion of mutation {unknown}
 i - a potion of might
 n - a potion of cancellation {unknown}
 s - a potion of ambrosia {unknown}
 B - 7 potions of heal wounds
 C - a potion of lignification {unknown}
 K - 2 potions of flight
 N - 2 potions of resistance
 O - a potion of attraction
 W - a potion of degeneration {unknown}


   Skills:
 + Level 5.8 Fighting
 + Level 6.4(7.1) Short Blades
 + Level 4.4(6.0) Long Blades
 + Level 0.2 Armour
 + Level 6.9 Dodging
 + Level 10.5 Stealth
 + Level 7.8 Shields
 + Level 14.5 Spellcasting
 + Level 4.5 Conjurations
 + Level 1.4 Hexes
 + Level 2.0 Translocations
 + Level 1.9 Transmutations
 + Level 1.6 Fire Magic
 + Level 13.7 Ice Magic
 + Level 6.0 Air Magic
 + Level 1.2 Earth Magic
 + Level 4.9 Poison Magic
 + Level 8.1 Invocations


You had 4 spell levels left.
You knew the following spells:

 Your Spells              Type           Power      Damage    Failure   Level
a - Freeze                Ice            100%       1d11      0%          1
b - Frozen Ramparts       Ice            100%       1d12      1%          3
c - Ozocubu's Armour      Ice            100%       N/A       1%          3
e - Blink                 Tloc           N/A        N/A       1%          2
f - Hailstorm             Conj/Ice       98%        3d19      1%          4
g - Airstrike             Air            41%        N/A       1%          4
h - Metabolic Englaciati  Hex/Ice        45%        N/A       1%          5
i - Sandblast             Erth           100%       2d20      1%          1
j - Passwall              Tmut/Erth      46%        N/A       1%          2
k - Irradiate             Conj/Tmut      33%        3d24      12%         5
l - Olgreb's Toxic Radia  Pois           78%        N/A       1%          4
m - Ignite Poison         Fire/Tmut/Pois 65%        N/A       1%          3
n - Conjure Flame         Conj/Fire      66%        6-21      1%          3

Your spell library contained the following spells:

 Spells                   Type           Power      Damage    Failure   Level
 Apportation              Tloc           100%       N/A       1%          1
 Corona                   Hex            61%        N/A       1%          1
 Foxfire                  Conj/Fire      100%       2x1d9     1%          1
 Magic Dart               Conj           100%       1d8       1%          1
 Sting                    Tmut/Pois      100%       1d8       1%          1
 Summon Small Mammal      Summ           100%       N/A       1%          1
 Corpse Rot               Necr/Air       N/A        N/A       1%          2
 Ensorcelled Hibernation  Hex/Ice        100%       N/A       1%          2
 Poisonous Vapours        Pois/Air       100%       N/A       1%          2
 Searing Ray              Conj           100%       3d7       1%          2
 Slow                     Hex            55%        N/A       1%          2
 Static Discharge         Conj/Air       79%        N/A       1%          2
 Wereblood                Tmut           59%        N/A       1%          2
 Dazzling Flash           Conj/Hex       100%       N/A       1%          3
 Mephitic Cloud           Conj/Pois/Air  79%        N/A       1%          3
 Stone Arrow              Conj/Erth      100%       3d13      1%          3
 Summon Ice Beast         Ice/Summ       88%        N/A       1%          4
 Call Imp                 Summ           41%        N/A       2%          2
 Confusing Touch          Hex            55%        N/A       2%          3
 Gell's Gravitas          Tloc           29%        N/A       2%          3
 Inner Flame              Hex/Fire       56%        N/A       2%          3
 Portal Projectile        Hex/Tloc       100%       N/A       2%          3
 Teleport Other           Tloc           59%        N/A       2%          3
 Summon Guardian Golem    Hex/Summ       49%        N/A       3%          3
 Call Canine Familiar     Summ           41%        N/A       4%          3
 Fulminant Prism          Conj/Hex       33%        3d16      4%          4
 Iskenderun's Mystic Bla  Conj/Tloc      68%        2d14      4%          4
 Sticky Flame             Conj/Fire      66%        2d8       4%          4
 Summon Lightning Spire   Summ/Air       66%        N/A       4%          4
 Cause Fear               Hex            27%        N/A       9%          4
 Petrify                  Tmut/Erth      56%        N/A       9%          4
 Leda's Liquefaction      Hex/Erth       27%        N/A       10%         4
 Lightning Bolt           Conj/Air       39%        1d58      5%          5
 Iskenderun's Battlesphe  Conj           75%        2d12      7%          5
 Bolt of Magma            Conj/Fire/Erth 31%        4d14      16%         5
 Yara's Violent Unravell  Hex/Tmut       28%        3d12      22%         5
 Lee's Rapid Deconstruct  Erth           26%        3d15*     26%         5
 Eringya's Noxious Bog    Tmut/Pois      34%        N/A       52%         6
 Iron Shot                Conj/Erth      32%        9d7       58%         6
 Dispersal                Tloc           29%        N/A       73%         6
 Orb of Destruction       Conj           37%        9d13      91%         7
 Spellforged Servitor     Conj/Summ      30%        N/A       99%         7
 Ignition                 Fire           28%        3d9       100%        8
 Shatter                  Erth           26%        3d22*     100%        9
 Tornado                  Air            41%        N/A       100%        9


Dungeon Overview and Level Annotations

Branches:
Dungeon (14/15)            Temple (0/1) D:6            Lair (6/6) D:10
  Swamp (1/4) Lair:4       Spider (2/4) Lair:3        Slime (0/5) Lair:6
    Orc (0/2) D:11         Vaults (0/5) D:14        Gauntlet (visited)

Altars:
Cheibriados
Dithmenos
Gozag
Kikubaaqudgha
Makhleb
Okawaru
Qazlal
Ru
Trog
Vehumet
Wu Jian
Yredelemnul

Shops:
D:2 (*:?   D:3 ?   D:7 ?   D:9 *   D:11 !

Annotations:
D:10 exclusion: obsidian statue
Spider:2 Aizul, Nikola


Innate Abilities, Weirdness & Mutations

Your serpentine skin is tough. (AC +5)
You have supernaturally acute eyesight. (SInv)
Armour fits poorly on your strangely shaped body.
Your system is resistant to poisons. (rPois)
You cover ground very slowly.
You can spit poison.
You can use your snake-like lower body to constrict enemies.


Message History

Press: ? - help, v - describe, . - travel
Here: a +8 long sword (umbra)
The floor.
Unknown command.
Casting: Metabolic Englaciation (mildly dangerous; 1% risk of failure)
Confirm with . or Enter, or press ? or * to list all spells.
Okay, then.
Unknown command.
Casting: Metabolic Englaciation (mildly dangerous; 1% risk of failure)
Confirm with . or Enter, or press ? or * to list all spells.
You feel a surge of power!
You blink.
Okay, then.
Okay, then.
Okay, then.
Unknown command.
Okay, then.
Casting: Blink (safe; 1% risk of failure)
Confirm with . or Enter, or press ? or * to list all spells.
Okay, then.
As you read the scroll of teleportation, it crumbles to dust.
You feel strangely unstable. The +8 long sword misses you.
Unknown command.
You block the +8 long sword's attack. The +7 long sword closely misses you.
The +8 long sword hits you! The +7 long sword hits you!
The +8 long sword hits you. You block the +7 long sword's attack.
Your surroundings seem slightly different.
You block the +8 long sword's attack. The +7 long sword hits you!
The +8 long sword hits you! The +7 long sword hits you!
* * * LOW HITPOINT WARNING * * *
The +8 long sword hits you but does no damage.
The +7 long sword completely misses you.
The +8 long sword barely misses you. The +7 long sword barely misses you.
The +8 long sword hits you!
* * * LOW HITPOINT WARNING * * *
You block the +7 long sword's attack. You block the +8 long sword's attack.
The +7 long sword misses you. The +8 long sword hits you!
* * * LOW HITPOINT WARNING * * *
The +7 long sword hits you but does no damage.
The +8 long sword hits you!
You die...

....##.# ....#(# # #
##.....# ##..
#∩#$..##.####
#...##.##........###
#....#.#...........+
#................########
#........(...............
#.......@(.......########
#..).............#
#...............^#
##################


You could see 2 dancing weapons.

Vanquished Creatures
  A minotaur (Gauntlet)
  Josephine (D:10)
  A rakshasa (D:14)
  A boulder beetle (D:14)
  10 hydras
  A death knight (D:14)
  6 centaur warriors
  A catoblepas (Lair:4)
  4 tengu warriors
  3 two-headed ogres
  A death yak (Lair:4)
  Urug (D:10)
  Nergalle (D:9)
  3 sixfirhies (Gauntlet)
  5 skeletal warriors (D:14)
  A death drake (shapeshifter) (D:13)
  A wizard (D:14)
  6 deep elf pyromancers
  A lindwurm (Lair:5)
  5 spectral wolf spiders (Spider:1)
  11 wolf spiders
  Pikel (D:6)
  2 wolf spider zombies (Spider:1)
  An orc knight (D:14)
  7 cyclopes
  16 ugly things
  3 manticores
  3 orb spiders
  6 elephants
  Joseph (D:9)
  8 black mambas
  11 cane toads
  Maggie (D:6)
  2 gargoyles
  6 rime drakes
  An unseen horror (D:9)
  A kobold demonologist (D:14)
  12 komodo dragons
  A freezing wraith (D:13)
  7 demonic crawlers (Spider:1)
  A tengu conjurer (D:14)
  2 efreet
  A komodo dragon (shapeshifter) (D:13)
  A yaktaur (D:14)
  A queen bee (shapeshifter) (D:13)
  5 trolls
  A meliai (D:13)
  3 polar bears (Lair:6)
  5 wolf spider simulacra (Spider:1)
  16 blink frogs
  21 dream sheep
  7 hornets
  4 slime creatures
  A vampire (D:14)
  9 redbacks
  15 spriggans (Lair:6)
  11 tarantellas
  5 basilisks
  41 yaks
  6 wraiths
  3 fire elementals (Gauntlet)
  7 wyverns
  Menkaure (D:6)
  A warg (shapeshifter) (D:13)
  2 vampire mosquitoes (D:13)
  5 acid dragons
  20 water moccasins
  2 hell hounds (Gauntlet)
  5 orc warriors
  2 ice beasts (D:7)
  A necrophage (D:5)
  4 black bears
  An ogre (D:4)
  2 sky beasts
  3 boggarts (Lair:6)
  A centaur (D:8)
  3 lemures (D:6)
  82 wolves
  2 kobold brigands
  13 bullfrogs
  A wyvern zombie (D:7)
  9 scorpions
  15 killer bees
  3 wights (D:6)
  2 electric eels
  10 howler monkeys
  3 bullfrog zombies
  7 centaur zombies
  Crazy Yiuf (D:7)
  5 hounds
  2 jellies (D:6)
  A gnoll shaman (D:4)
  6 orc priests
  A bullfrog skeleton (D:5)
  11 orc wizards
  4 iguanas
  5 hell rats (Lair:6)
  A hound zombie (D:5)
  4 adders
  3 gnolls (D:4)
  2 white imps
  2 ufetubi
  2 worms
  A dart slug (D:1)
  28 orcs
  6 ball pythons
  5 endoplasms
  11 goblins
  10 hobgoblins
  3 quokkas
  7 bats
  4 frilled lizards
  17 kobolds
  8 rats
671 creatures vanquished.

Vanquished Creatures (others)
  A bloated husk (Swamp:1)
  A hornet (Lair:6)
  4 bushes
  55 fungi
  97 plants
158 creatures vanquished.

Grand Total: 829 creatures vanquished

Notes
Turn   | Place    | Note
-------+----------+-------------------------------------------
     0 | D:1      | wpisznazwe the Naga Ice Elementalist began the quest for
                  | the Orb.
     0 | D:1      | Reached XP level 1. HP: 15/15 MP: 3/3
   403 | D:1      | Reached XP level 2. HP: 22/22 MP: 1/5
  1156 | D:1      | Reached XP level 3. HP: 28/28 MP: 4/6
  1165 | D:1      | Learned a level 3 spell: Frozen Ramparts
  1698 | D:2      | Found Akkatun's Book Shop.
  1809 | D:2      | Found an ornate altar of the Wu Jian Council.
  1833 | D:2      | Found Gegaiwk's Magic Scroll Emporium.
  2141 | D:2      | Found a faded altar of an unknown god.
  2145 | D:2      | Found Zigaok's General Store.
  2316 | D:2      | Found Quys's Antique Weapon Boutique.
  2508 | D:3      | Reached skill level 3 in Spellcasting
  2508 | D:3      | Reached XP level 4. HP: 23/36 MP: 1/8
  2683 | D:3      | Learned a level 3 spell: Ozocubu's Armour
  2818 | D:3      | Learned a level 1 spell: Magic Dart
  2819 | D:3      | Found Fulod's Magic Scroll Boutique.
  2969 | D:3      | Found a sacrificial altar of Ru.
  3113 | D:3      | Reached skill level 5 in Ice Magic
  3117 | D:3      | Reached XP level 5. HP: 37/42 MP: 1/9
  3222 | D:3      | Learned a level 2 spell: Blink
  3612 | D:4      | Noticed an ogre
  3620 | D:4      | Killed an ogre
  3636 | D:4      | Reached XP level 6. HP: 17/50 MP: 1/11
  3637 | D:4      | Reached skill level 1 in Conjurations
  3639 | D:4      | Reached skill level 4 in Spellcasting
  4455 | D:5      | Entered Level 5 of the Dungeon
  4481 | D:5      | Identified the ring of the Hero {rElec Int+3 Dex+6}
  4889 | D:5      | Identified the Grimoire of Shifting Cold
  4957 | D:5      | Reached XP level 7. HP: 56/56 MP: 6/13
  5154 | D:5      | Learned a level 4 spell: Hailstorm
  5428 | D:5      | Reached skill level 1 in Short Blades
  5594 | D:5      | Found a snail-covered altar of Cheibriados.
  5601 | D:5      | Reached skill level 1 in Fighting
  5679 | D:5      | Became a worshipper of Cheibriados the Contemplative
  6119 | D:6      | Found a staircase to the Ecumenical Temple.
  6278 | D:6      | Noticed Pikel
  6284 | D:6      | Reached XP level 8. HP: 57/67 MP: 7/15
  6290 | D:6      | Reached skill level 5 in Spellcasting
  6290 | D:6      | Reached skill level 1 in Invocations
  6293 | D:6      | Killed Pikel
  6951 | D:6      | Noticed Maggie
  6961 | D:6      | Killed Maggie
  6962 | D:6      | Reached skill level 6 in Spellcasting
  6962 | D:6      | Reached XP level 9. HP: 10/74 MP: 1/18
  7366 | D:6      | Found an opulent altar of Gozag.
  7479 | D:6      | Noticed Menkaure
  7493 | D:6      | Killed Menkaure
  7496 | D:6      | Reached * piety under Cheibriados
  8703 | D:7      | Found Nuduokk's Magic Scroll Boutique.
  9001 | D:7      | Reached skill level 1 in Shields
  9580 | D:7      | Found a runed translucent door.
  9581 | D:7      | Noticed Crazy Yiuf
  9647 | D:7      | Killed Crazy Yiuf
  9745 | D:8      | Noticed a hornet
  9751 | D:7      | Killed a hornet
  9752 | D:7      | Reached skill level 7 in Spellcasting
  9775 | D:8      | Reached ** piety under Cheibriados
  9942 | D:8      | Found a flagged portal.
 10021 | D:8      | Found a radiant altar of Vehumet.
 10085 | D:8      | Reached XP level 10. HP: 73/84 MP: 13/20
 10313 | D:8      | Identified the +4 ring mail "Cajagyga" {Drain rPois rF+}
 10743 | D:9      | Reached skill level 5 in Invocations
 10776 | D:9      | Reached *** piety under Cheibriados
 11404 | D:9      | Found Downoful's Serpentskin Sales.
 12152 | D:10     | Entered Level 10 of the Dungeon
 12152 | D:10     | Noticed a gargoyle
 12354 | D:10     | Killed a gargoyle
 12354 | D:10     | Reached **** piety under Cheibriados
 12614 | D:10     | Found an ancient bone altar of Kikubaaqudgha.
 12617 | D:10     | Noticed a two-headed ogre
 12626 | D:10     | Killed a two-headed ogre
 12862 | D:10     | Reached skill level 8 in Spellcasting
 12866 | D:10     | Reached XP level 11. HP: 78/90 MP: 5/23
 13243 | D:10     | Noticed Josephine
 13257 | D:10     | Killed Josephine
 13507 | D:10     | Noticed Urug
 13528 | D:10     | Noticed Joseph
 13748 | D:9      | Killed Joseph
 14199 | D:10     | Noticed Nergalle
 14473 | D:9      | Killed Nergalle
 14474 | D:9      | Reached skill level 9 in Spellcasting
 14474 | D:9      | Reached skill level 10 in Ice Magic
 14545 | D:10     | Found a staircase to the Lair.
 14801 | D:10     | Killed Urug
 14956 | D:10     | Noticed an obsidian statue
 15250 | D:10     | Found an iron altar of Okawaru.
 15254 | D:10     | Found an ornate altar of the Wu Jian Council.
 15256 | D:10     | Found a basalt altar of Yredelemnul.
 15484 | Lair:1   | Entered Level 1 of the Lair of Beasts
 16011 | Lair:1   | Reached skill level 5 in Stealth
 16082 | Lair:1   | Reached XP level 12. HP: 77/99 MP: 19/25
 16141 | Lair:1   | Reached skill level 5 in Shields
 16345 | Lair:1   | Found a burning altar of Makhleb.
 16926 | Lair:2   | Found a gate leading to a gauntlet.
 16945 | Gauntlet | Entered a Gauntlet
 16945 | Gauntlet | Found a transporter.
 17192 | Gauntlet | Found a transporter.
 17194 | Gauntlet | Found a transporter.
 17197 | Gauntlet | Found a transporter.
 17197 | Gauntlet | Found a transporter.
 17198 | Gauntlet | Found a transporter.
 17207 | Gauntlet | Found a transporter.
 17207 | Gauntlet | Found a transporter.
 17222 | Gauntlet | Found a large runed translucent door.
 17223 | Gauntlet | Found a large runed translucent door.
 17224 | Gauntlet | Found a large runed translucent door.
 17225 | Gauntlet | Found a runed translucent gate.
 17226 | Gauntlet | Found a transporter.
 17226 | Gauntlet | Found a runed translucent gate.
 17227 | Gauntlet | Found a runed translucent gate.
 17227 | Gauntlet | Found a large runed translucent door.
 17228 | Gauntlet | Found a large runed translucent door.
 17228 | Gauntlet | Found a large runed translucent door.
 17229 | Gauntlet | Found a large runed translucent door.
 17230 | Gauntlet | Found a large runed translucent door.
 17239 | Gauntlet | Found a large runed translucent door.
 17239 | Gauntlet | Found a large runed translucent door.
 17239 | Gauntlet | Found a runed translucent door.
 17239 | Gauntlet | Found a runed translucent door.
 17240 | Gauntlet | Found a large runed translucent door.
 17241 | Gauntlet | Found a large runed translucent door.
 17243 | Gauntlet | Found a transporter.
 17247 | Gauntlet | Found a transporter.
 17250 | Gauntlet | Found a large runed translucent door.
 17250 | Gauntlet | Found a large runed translucent door.
 17258 | Gauntlet | Found a transporter.
 17275 | Gauntlet | Found the ring of Shadows {Umbra +Inv Stlth+}
 17358 | Gauntlet | Found a large runed translucent door.
 17359 | Gauntlet | Found a large runed translucent door.
 17631 | Gauntlet | Reached ***** piety under Cheibriados
 17766 | Gauntlet | Identified the +1 helmet of Otoukhif {*Slow rElec Str+3}
 17783 | Gauntlet | Identified the +1 chain mail "Ciwi" {Rampage rPois Int+2}
 17822 | Gauntlet | Noticed a minotaur
 17831 | Gauntlet | Killed a minotaur
 17832 | Gauntlet | Reached skill level 10 in Spellcasting
 17874 | Gauntlet | Identified the Collected Works on Weightlessness and Clay
 18011 | Gauntlet | Learned a level 4 spell: Airstrike
 18545 | Lair:2   | Found a bloodstained altar of Trog.
 18790 | Lair:2   | Reached skill level 1 in Air Magic
 18947 | Lair:2   | Noticed a catoblepas
 20487 | Lair:3   | Gained mutation: You can use your snake-like lower body to
                  | constrict enemies. [Naga growth]
 20487 | Lair:3   | Reached XP level 13. HP: 93/108 MP: 15/27
 20754 | Lair:3   | Found a hole to the Spider Nest.
 21265 | Lair:3   | Reached skill level 11 in Spellcasting
 21595 | Lair:3   | Learned a level 5 spell: Metabolic Englaciation
 21804 | Lair:4   | Reached ****** piety under Cheibriados
 21918 | Lair:4   | Found a staircase to the Swamp.
 22085 | Lair:4   | You fall into a shaft and drop 1 floor!
 22157 | Lair:5   | Reached skill level 5 in Short Blades
 22335 | Lair:5   | Reached skill level 5 in Dodging
 22484 | Lair:5   | Reached skill level 5 in Fighting
 22685 | Lair:5   | Learned a level 1 spell: Sandblast
 22688 | Lair:5   | Learned a level 2 spell: Passwall
 22828 | Lair:5   | Identified a scroll of acquirement
 22828 | Lair:5   | Acquired Duov's Volume of Unstable Attacks
 24066 | Lair:4   | Learned a level 5 spell: Irradiate
 24145 | Lair:4   | Reached skill level 12 in Spellcasting
 24211 | Lair:4   | Reached skill level 1 in Hexes
 24224 | Lair:4   | Reached XP level 14. HP: 74/117 MP: 22/30
 25472 | Lair:6   | Entered Level 6 of the Lair of Beasts
 25608 | Lair:6   | Found a staircase to the Slime Pits.
 26666 | Lair:6   | Reached skill level 5 in Air Magic
 26691 | Lair:6   | Reached skill level 13 in Spellcasting
 27025 | Lair:6   | Identified the +4 plate armour "Cupp" {-Tele rElec rN+
                  | Str+4}
 27280 | Lair:6   | Reached skill level 1 in Translocations
 28428 | Lair:6   | Identified the +2 mace of Fimbulwinter {drain, rN+}
 29122 | D:2      | Bought a Young Poisoner's Handbook for 400 gold pieces
 29130 | D:2      | Learned a level 4 spell: Olgreb's Toxic Radiance
 29134 | D:2      | Learned a level 3 spell: Ignite Poison
 29252 | D:2      | Bought a scroll of blinking for 75 gold pieces
 29252 | D:2      | Bought a scroll of blinking for 75 gold pieces
 29356 | D:3      | Bought a scroll of enchant weapon for 97 gold pieces
 29356 | D:3      | Bought a scroll of blinking for 97 gold pieces
 29848 | Spider:1 | Entered Level 1 of the Spider Nest
 29869 | Spider:1 | Reached XP level 15. HP: 123/123 MP: 32/32
 31067 | Spider:1 | Reached skill level 1 in Long Blades
 31210 | Spider:1 | Learned a level 3 spell: Conjure Flame
 31732 | Spider:2 | Noticed Aizul
 32300 | Spider:2 | Noticed Nikola
 32302 | Spider:2 | Reached skill level 1 in Poison Magic
 32783 | Swamp:1  | Entered Level 1 of the Swamp
 33230 | D:11     | Found a staircase to the Orcish Mines.
 33362 | D:11     | Found Aciq's Distillery.
 33566 | D:11     | Found a shadowy altar of Dithmenos.
 34879 | D:13     | Reached skill level 1 in Transmutations
 34879 | D:13     | Reached skill level 1 in Fire Magic
 35064 | D:13     | Found a stormy altar of Qazlal.
 35648 | D:13     | Reached skill level 14 in Spellcasting
 35712 | D:13     | Reached skill level 1 in Earth Magic
 36113 | D:13     | Identified the ring "Awagorri" {Fly rN+ Dex+3}
 36125 | D:13     | Identified the +1 robe "Lyucekuw" {*Corrode rElec Regen+
                  | Str+4}
 36145 | D:13     | Identified the ring "Feosofaw" {Ice rN+ Dex+4}
 36535 | D:14     | Reached XP level 16. HP: 125/133 MP: 21/34
 37225 | D:14     | Identified the +0 hand crossbow of Hepliaklqana's Regard
                  | {vorpal, rPois}
 37266 | D:14     | Reached skill level 10 in Stealth
 37753 | D:14     | Found a gate to the Vaults.
 37763 | D:14     | Slain by a +8 long sword

Illustrated notes

Levels and vault maps discovered:
D:1:      lightli_arrival_farm, layout_loops_corners, nrook_uturn
D:2:      layout_basic, basic_altar, serial_shops, nicolae_shop_behind_doors,
          shop, nicolae_shop_statue_plus, shop,
          ebering_ecumenical_altar_sacrificial
D:3:      layout_loops_ring, lemuel_crystal_altar, serial_shops,
          nicolae_shop_behind_doors, minivault_23
D:4:      layout_rooms
D:5:      layout_loops_ring, marbit_many_paths, minmay_misc_feat_columns
D:6:      layout_rooms, grunt_gozag_statues, minmay_temple_entry_waves,
          uniq_pikel, uniq_maggie, uniq_menkaure
D:7:      layout_basic, serial_shops, shop_scrolls, uniq_crazy_yiuf_cottage
D:8:      layout_basic, nicolae_vehumet_altar_sigil, enter_bailey_3
D:9:      layout_small_grid, guppyfry_shop_venom
D:10:     layout_cave_pools, nicolae_overflow_crystal_walls, minitemple,
          minmay_lair_entry_grove, minmay_misc_feat_tiny, minivault_15,
          kennysheep_generic_room_6, uniq_joseph, uniq_urug, uniq_josephine,
          uniq_nergalle
D:11:     layout_basic, orc_0_dummy, serial_shops, shop,
          grunt_dithmenos_smoke_and_mirrors
D:12:     layout_loops_ring
D:13:     minmay_the_grid_octo_triangle [minmay_the_grid_octo_toaster,
          minmay_the_grid_octo_prize_big_c, minmay_the_grid_octo_thin_diamonds],
          layout_stronghold, nicolae_qazlal_scattered_showers
D:14:     minmay_spiral_squares, layout_rooms, erik_vaults_1,
          minmay_misc_feat_ornament
Lair:1:   layout_roguey, basic_altar, lemuel_fruit_fields, grunt_megastairs_5
Lair:2:   layout_cave_pods, gauntlet_entry_generic, basic_altar
Lair:3:   layout_regular_city, nicolae_spider_entry_non_spiders,
          chequers_serial_rivers_marsh, chequers_serial_rivers_small_a
Lair:4:   layout_regular_city, swamp_mist_pool, minmay_shattered_shrine,
          infiniplex_staircase_pool_2
Lair:5:   layout_cave_shapes, beast_lair_carwin_10
Lair:6:   minmay_lair_end_enchanted_forest, layout_long_grid,
          minmay_slime_entry_oklob_open, grunt_forest_large_clearings,
          serial_bayou_shore_a
Swamp:1:  layout_basic_swamp, evilmike_swamp_ruin_house_2, swamp_pool4,
          uniq_kirke
Spider:1: layout_spider_delve, nicolae_spider_undead_wolf_pack
Spider:2: layout_spider_delve, nicolae_spider_scorpion_nest, uniq_nikola,
          uniq_aizul

Skill      XL: |  1  2  3  4  5  6  7  8  9 10 11 12 13 14 15 16 |
---------------+-------------------------------------------------+-----
Spellcasting   | 3 4 6 7 8 9 10 12 13 14 | 14.5
Ice Magic      | 5 6 7 8 9 10 11 12 13 | 13.7
Conjurations   | 1 2 3 4 |  4.5
Stealth        | 4 5 6 7 9 10 | 10.5
Dodging        | 2 3 4 5 6 |  6.9
Short Blades   | 1 2 3 4 5 6 |  6.4
Fighting       | 1 2 3 4 5 |  5.8
Invocations    | 3 4 6 7 8 |  8.1
Shields        | 1 3 4 6 7 |  7.8
Air Magic      | 1 4 5 6 |  6.0
Hexes          | 1 |  1.4
Translocations | 1 2 |  2.0
Long Blades    | 3 4 |  4.4
Poison Magic   | 3 4 |  4.9
Transmutations | 1 |  1.9
Fire Magic     | 1 |  1.6
Earth Magic    | 1 |  1.2
Armour         | |  0.2

Action                   |  1- 3 |  4- 6 |  7- 9 | 10-12 | 13-15 | 16-18 || total
-------------------------+-------+-------+-------+-------+-------+-------++-------
Melee: Dagger            |     4 |    23 |   149 |   203 |   412 |    58 ||   849
       Constrict         |       |       |       |       |   115 |    13 ||   128
       Double sword      |       |       |       |       |    53 |    20 ||    73
 Cast: Freeze            |    53 |    16 |    20 |   102 |    77 |     4 ||   272
       Frozen Ramparts   |     1 |     7 |    23 |    45 |    60 |    11 ||   147
       Magic Dart        |       |    25 |    80 |    52 |    15 |       ||   172
       Ozocubu's Armour  |       |     6 |    18 |    31 |    54 |     8 ||   117
       Blink             |       |     3 |       |     2 |    15 |     7 ||    27
       Hailstorm         |       |       |    13 |    20 |    34 |     5 ||    72
       Airstrike         |       |       |       |    12 |    97 |     1 ||   110
       Metabolic Englaci |       |       |       |       |     8 |     1 ||     9
       Sandblast         |       |       |       |       |    13 |     5 ||    18
       Irradiate         |       |       |       |       |     3 |       ||     3
       Ignite Poison     |       |       |       |       |    15 |    11 ||    26
       Olgreb's Toxic Ra |       |       |       |       |    12 |     5 ||    17
       Conjure Flame     |       |       |       |       |     8 |     2 ||    10
       Passwall          |       |       |       |       |     3 |       ||     3
Invok: Slouch            |       |       |       |     2 |       |       ||     2
       Bend Time         |       |       |       |     1 |       |       ||     1
 Abil: Spit Poison       |    12 |    19 |    11 |    13 |    18 |     3 ||    76
  Use: Scroll            |     1 |     3 |     4 |     7 |     8 |     1 ||    24
       Potion            |       |     1 |     1 |     2 |     3 |       ||     7
 Stab: Distracted        |       |       |       |     1 |     4 |     2 ||     7
       Sleeping          |       |       |       |       |    26 |    16 ||    42
Armor: Robe              |     8 |    17 |    84 |   130 |   232 |    18 ||   489
       Skin              |       |       |       |    20 |     4 |       ||    24
       Ring mail         |       |       |       |    10 |       |       ||    10
Dodge: Dodged            |    19 |    23 |   122 |   297 |   551 |    43 ||  1055
Block: Other             |       |       |       |   100 |    33 |       ||   133
       Reflection        |       |       |       |     2 |    10 |     4 ||    16
       Kite shield       |       |       |       |       |    61 |    68 ||   129
       Buckler           |       |       |       |       |   367 |       ||   367
       Rpst.: Double sword |       |       |       |       |    14 |     3 ||    17

Table legend: (Time is in decaauts)
 A = Elapsed time spent in this place.
 B = Non-inter-level travel time spent in this place.
 C = Inter-level travel time spent in this place.
 D = Time resting spent in this place.
 E = Time spent auto-exploring this place.
 F = Levels seen in this place.
 G = Mean time per level.
                   A        B        C        D        E       F      G
               +--------+--------+--------+--------+--------+-----+--------+
         Total |  59253 |  54418 |   4835 |  11645 |  34676 |  24 | 2468.9 |
       Dungeon |  31527 |  28643 |   2884 |   6703 |  17758 |  14 | 2251.9 |
          Lair |  21520 |  19903 |   1617 |   3320 |  13769 |   6 | 3586.7 |
         Swamp |      7 |      7 |      0 |      0 |      0 |   1 |    7.0 |
   Spider Nest |   4470 |   4136 |    334 |   1529 |   2121 |   2 | 2235.0 |
      Gauntlet |   1727 |   1727 |      0 |     93 |   1027 |   1 | 1727.0 |
               +--------+--------+--------+--------+--------+-----+--------+

Top non-repeatable levels by time:
  Lair:6: 5066 daAuts
Spider:1: 4421 daAuts
  Lair:4: 4110 daAuts
     D:9: 3575 daAuts
  Lair:5: 3354 daAuts
  Lair:2: 3312 daAuts
  Lair:3: 3242 daAuts
     D:7: 3001 daAuts
    D:10: 2900 daAuts
    D:13: 2867 daAuts
  Lair:1: 2433 daAuts
     D:6: 2412 daAuts
     D:5: 2123 daAuts
    D:14: 2078 daAuts
     D:1: 2056 daAuts
